cohdb
Replays
Latest Replays
All Replays
Popular Replays
Top Player Replays
Match Explorer
How It Works
Community
CoH3 Stats
Reddit
Sign in to upload your games and track your stats! →
Sign in with Steam
Match 42423394
Unlisted
Match 42423394
Overview
Messages
Build Orders
End
Engineer Squad
Construct Barracks
Riflemen Squad
M1 Mortar Team
Construct Weapon Support Center
M1919 Machine Gun Team
.30 cal Machine Gun
Riflemen Squad
Construct Medical Station
.30 cal Machine Gun
Air Support Center
Grenade Package
Riflemen Squad
M1918 Browning Automatic Rifles
Riflemen Squad
P-47 Dive Bomb
Selects Heavy Weapons
Selects Assault Carriers
Selects Halftrack Strongpoints
Riflemen Squad
Construct Tank Depot
P-47 Dive Bomb
M4A1 Sherman Medium Tank
P-47 Dive Bomb
M18 Hellcat Tank Destroyer
AI Takeover
Daspi
Planeman5
[GG]Onkel Stonkel
[GG]Quiq
Rengoku
Meaxus
俄罗斯头套批发
schnitzel
0
0
Comments
sign in to comment!
No comments posted yet!